 Dungeon Crawl Stone Soup version 0.28-a0-48-gfd831c5874 (webtiles) character file.

Game seed: 13979499621681785919

140 Spaninq the Chopper (level 5, -8/48 HPs)
             Began as a Hill Orc Delver on July 29, 2021.
             Mangled by a wyvern (9 damage)
             ... on level 5 of the Dungeon.
             The game lasted 00:06:47 (4627 turns).

Spaninq the Chopper (Hill Orc Delver)               Turns: 4627, Time: 00:06:47

Health: -8/48      AC:  9    Str: 16    XL:     5   Next: 23%
Magic:  5/5        EV:  7    Int: 10    God:
Gold:   166        SH:  0    Dex: 12    Spells: 4/4 levels left

rFire   + . .      SeeInvis .   q - +0 war axe
rCold   + . .      Faith    .   (no shield)
rNeg    . . .      Spirit   .   t - +0 chain mail
rPois   .          Reflect  .   (no helmet)
rElec   .          Harm     .   w - scarf {rC+ rF+}
rCorr   .          Rampage  .   l - +0 pair of gloves
Will    .....                   (no boots)
Stlth   ..........              (no amulet)
HPRegen 0.16/turn               (no ring)
MPRegen 0.09/turn               (no ring)

@: no status effects
A: no striking features
a: no special abilities


You were on level 5 of the Dungeon.
You visited 1 branch of the dungeon, and saw 5 of its levels.

You collected 166 gold pieces.

Inventory:

Hand Weapons
 a - a +0 hand axe
 q - a +0 war axe (weapon)
Armour
 l - a +0 pair of gloves (worn)
 t - a +0 chain mail (worn)
 w - a scarf of resistance (worn)
Jewellery
 b - a ring of resist corrosion
 h - a ring of magical power
Wands
 g - a wand of digging (3)
Scrolls
 c - a scroll of fog
 d - a scroll of magic mapping
 e - 2 scrolls of fear
 i - 5 scrolls of teleportation {unknown}
 j - 2 scrolls of immolation {unknown}
 k - 4 scrolls of identify {unknown}
 o - a scroll of noise {unknown}
Potions
 f - a potion of haste
 m - a potion of heal wounds {unknown}
 n - a potion of mutation {unknown}
 p - a potion of cancellation {unknown}
 r - a potion of degeneration {unknown}
 s - a potion of ambrosia {unknown}
 u - a potion of magic {unknown}
 v - a potion of might {unknown}


   Skills:
 + Level 5.1 Fighting
 * Level 5.3 Axes
 + Level 1.4 Armour
 - Level 1.5 Dodging
 - Level 4.1 Stealth


You had 4 spell levels left.
You didn't know any spells.
Your spell library contained the following spells:

 Spells                   Type           Power      Damage    Failure   Level
 Corona                   Hex            0%         N/A       100%        1
 Ensorcelled Hibernation  Hex/Ice        0%         N/A       100%        2
 Tukima's Dance           Hex            0%         N/A       100%        3


Dungeon Overview and Level Annotations

Branches:
Dungeon (5/15)
 Temple: D:4-7

Altars:
Vehumet

Shops:
D:1 ?


Message History

There is a stone staircase leading down here.
You climb downwards.
There is a stone staircase leading up here.
Found a runed scarf.
There is an escape hatch in the ceiling here.
You see here a scarf of resistance.
w - a scarf of resistance You start putting on your armour.
You continue putting on your scarf of resistance. x4
You finish putting on your scarf of resistance.
You feel resistant to extremes of temperature.
Search for what [Enter for "armor", or ? for help]? rmor
Found a scale mail.
A wyvern comes into view.
The wyvern hisses angrily.
Found 30 stones.
Found a stone staircase leading up.
The wyvern hisses menacingly.
The wyvern bites you.
You hit the wyvern but do no damage. The wyvern bites you!
The wyvern bites you but does no damage.
You hit the wyvern but do no damage. The wyvern bites you.
The wyvern bites you!
You closely miss the wyvern. The wyvern barely misses you. x2
You hit the wyvern but do no damage. The wyvern bites you!
The wyvern barely misses you.
You barely miss the wyvern. The wyvern barely misses you.
You barely miss the wyvern. The wyvern bites you.
* * * LOW HITPOINT WARNING * * *
The wyvern barely misses you.
You slash the wyvern!
The wyvern is moderately wounded.
The wyvern bites you!
* * * LOW HITPOINT WARNING * * *
The wyvern barely misses you.
You barely miss the wyvern.
The wyvern is moderately wounded.
The wyvern bites you.
* * * LOW HITPOINT WARNING * * *
The wyvern bites you!
You die...

#....# #...###.......
###..####
##..........<.
#......###.............
#......................
##.....................
###...[........##.....
##.............#.....
#....................
##..@##.......#......
##.#l........#
#####........ ..##...
(l# . ... #.<. ....
#....


You could see a wyvern.

Vanquished Creatures
  5 adders
  3 worms
  3 dart slugs
  An orc (D:3)
  4 ball pythons
  10 bats
  An endoplasm (D:3)
  6 goblins
  10 hobgoblins
  6 jackals
  8 kobolds
  8 quokkas
  A frilled lizard (D:1)
  4 rats
70 creatures vanquished.

Notes
Turn   | Place    | Note
-------+----------+-------------------------------------------
     0 | D:5      | Spaninq the Hill Orc Delver began the quest for the Orb.
     0 | D:5      | Reached XP level 1. HP: 19/19 MP: 1/1
    59 | D:4      | Reached XP level 2. HP: 3/27 MP: 2/2
   562 | D:4      | Found a radiant altar of Vehumet.
   636 | D:4      | Reached XP level 3. HP: 21/34 MP: 3/3
  1929 | D:1      | Reached XP level 4. HP: 38/41 MP: 4/4
  2207 | D:1      | Found Okhosch's Magic Scroll Emporium.
  3076 | D:3      | Reached skill level 1 in Armour
  3333 | D:3      | Found a faded altar of an unknown god.
  3420 | D:3      | Reached skill level 5 in Axes
  3521 | D:3      | Reached skill level 5 in Fighting
  3524 | D:3      | Reached XP level 5. HP: 46/48 MP: 5/5
  4616 | D:5      | Noticed a wyvern
  4627 | D:5      | HP: 1/48 [wyvern (5)]
  4627 | D:5      | Mangled by a wyvern

Illustrated notes

Levels and vault maps discovered:
D:1:      lightli_arrival_statue_moat, layout_basic, serial_shops, shop
D:2:      layout_loops_ring
D:3:      layout_loops_ring, dreamdust_ecumenical_altar_sealed_demon
D:4:      layout_basic, nicolae_vehumet_altar_sigil, kennysheep_generic_room_12
D:5:      layout_cave_pools, cheibriados_altar_2, mainiacjoe_overflow_boulevard

Skill      XL: |  1  2  3  4 |
---------------+-------------+-----
Fighting       | 4 5 |  5.1
Axes           | 3 4 5 |  5.3
Armour         | 1 |  1.4
Dodging        | |  1.5
Stealth        | |  4.1

Action                   |  1- 3 |  4- 6 || total
-------------------------+-------+-------++-------
Melee: Hand axe          |   123 |    56 ||   179
       War axe           |       |    86 ||    86
  Use: Potion            |     1 |     1 ||     2
 Stab: Sleeping          |     5 |     1 ||     6
Armor: Leather armour    |    33 |    33 ||    66
       Chain mail        |       |    57 ||    57
Dodge: Dodged            |    81 |    81 ||   162

Table legend: (Time is in decaauts)
 A = Elapsed time spent in this place.
 B = Non-inter-level travel time spent in this place.
 C = Inter-level travel time spent in this place.
 D = Time resting spent in this place.
 E = Time spent auto-exploring this place.
 F = Levels seen in this place.
 G = Mean time per level.
                   A        B        C        D        E       F      G
               +--------+--------+--------+--------+--------+-----+--------+
         Total |   4667 |   4543 |    124 |    890 |   2804 |   5 |  933.4 |
       Dungeon |   4667 |   4543 |    124 |    890 |   2804 |   5 |  933.4 |
               +--------+--------+--------+--------+--------+-----+--------+

Top non-repeatable levels by time:
     D:4: 1539 daAuts
     D:1: 1126 daAuts
     D:3: 979 daAuts
     D:2: 927 daAuts
     D:5: 95 daAuts
